 Dungeon Crawl Stone Soup version 0.18-a0-987-g0b0e4e7 (webtiles) character file.

47 tof the Insei (level 3, 0/29 HPs)
             Began as a Demonspawn Monk on Jan 3, 2016.
             Slain by a hobgoblin (5 damage)
             ... led by Robin
             ... on level 1 of the Dungeon.
             The game lasted 00:03:12 (1661 turns).

tof the Insei (Demonspawn Monk)                     Turns: 1661, Time: 00:03:13

Health: 0/29       AC:  2    Str: 11    XL:     3   Next: 48%
Magic:  3/3        EV: 13    Int: 11    God:
Gold:   70         SH:  0    Dex: 16    Spells: 0 memorised, 2 levels left

rFire  . . .     SeeInvis .     d - +0 whip
rCold  . . .     Gourm    .     a - +0 robe
rNeg   . . .     Faith    .     (no shield)
rPois  .         Spirit   .     (no helmet)
rElec  .         Dismiss  .     (no cloak)
rCorr  .         Reflect  .     (no gloves)
SustAt .         Harm     .     (no boots)
MR     .....                    (no amulet)
Stlth  ++........               (no ring)
                                (no ring)

@: not resistant to hostile enchantments, unstealthy
A: demonic guardian 1
a: no special abilities


You were on level 1 of the Dungeon.
You were not hungry.

You visited 1 branch of the dungeon, and saw 2 of its levels.

You collected 70 gold pieces.

Inventory:

Hand Weapons
 d - a +0 whip (weapon)
Armour
 a - a +0 robe (worn)
Jewellery
 k - an uncursed ring of stealth {unknown}
Scrolls
 c - a scroll of enchant armour {unknown}
 e - a scroll of remove curse {unknown}
 g - a scroll of recharging {unknown}
 j - 2 scrolls of identify {unknown}
Potions
 f - a potion of mutation {unknown}
 h - a potion of curing {unknown}
 m - a potion of might {unknown}
Comestibles
 i - a meat ration


   Skills:
 + Level 3.3 Fighting
 + Level 0.3 Maces & Flails
 + Level 3.3 Dodging
 + Level 1.9 Stealth
 + Level 4.0 Unarmed Combat


You had 2 spell levels left.
You didn't know any spells.

Dungeon Overview and Level Annotations

Branches:
Dungeon (2/15)

Altars:

Annotations:
D:1 Robin


Innate Abilities, Weirdness & Mutations

A weak demonic guardian rushes to your aid.


Message History

You bump into the rock wall.
The hobgoblin barely misses you.
You bump into the rock wall.
The hobgoblin barely misses you.
You hit the hobgoblin but do no damage.
The hobgoblin is moderately wounded.
The hobgoblin misses you.
You bump into the rock wall.
The hobgoblin misses you.
You bump into the rock wall.
Robin shouts!
The hobgoblin closely misses you.
You barely miss the hobgoblin.
You feel less confused. The hobgoblin misses you.
All of the chunks of flesh in your inventory have rotted away.
Robin roars a battlecry!
The hobgoblin goes into a battle-frenzy!
Robin roars a battlecry!
The hobgoblin goes into a battle-frenzy!
Robin says, "My goblins will feast on your bones."
You open the door. The hobgoblin hits you.
You die...

.# #.#..#.##.#.##.#.#'###+#.#.# #
.# #.#..#.##.#.##......+....'.# #
.# #.#..#.##.#..#.#.#######.#.###
.# #.#..#.##.#....#.'.....#.#..##
.# #....#.##.#...)###.###.####.##
.#####..#.##.#....###.##..####..#
..........##.##.....#............
.............##.....#.###.#####..
.#####..###..##.@...#.# #.# ##.
.#........#..##g#'###.###.######.
.#.##...#.#..##.#.# #....g.......
.#.#....#.#..##g#.# #.###.#######
.#.#....#.#..##.#.# #.# #.# #
.#.#....#.#..##.#.# #.# #.# #
.#.#....#.#..##.#.# #.# #.# ###
.#..............#.# #.# #.# #..
.#.##.#.#.#..##.#.# #g# #.# #.#


You could see Robin and a hobgoblin (frenzied).

Vanquished Creatures
  An adder (D:2)
  A giant gecko (D:1)
  3 bats (D:1)
  2 giant cockroaches (D:1)
  13 goblins
  7 hobgoblins
  2 kobolds (D:1)
  2 ball pythons (D:1)
31 creatures vanquished.

Vanquished Creatures (collateral kills)
  A goblin (D:2)
1 creature vanquished.

Grand Total: 32 creatures vanquished

Notes
Turn   | Place    | Note
--------------------------------------------------------------
     0 | D:1      | tof the Demonspawn Monk began the quest for the Orb.
     0 | D:1      | Reached XP level 1. HP: 18/18 MP: 1/1
   165 | D:1      | Gained mutation: A weak demonic guardian rushes to your aid. [demonic ancestry]
   165 | D:1      | Reached XP level 2. HP: 22/24 MP: 2/2
  1323 | D:2      | Reached XP level 3. HP: 25/29 MP: 3/3
  1340 | D:2      | Noticed Robin
  1344 | D:2      | Reached skill level 4 in Unarmed Combat
  1613 | D:1      | HP: 1/29 [hobgoblin[Robin] (4)]
  1661 | D:1      | Slain by a hobgoblin

Vault maps used:
D:1:      shiori_arrival_maze, bh_walls_and_bars
D:2:      first_bread, grunt_decor_one_mirror, uniq_robin,
          uniq_crazy_yiuf_cottage, uniq_natasha, uniq_iyjb, uniq_jessica

Action                   || total
-------------------------++-------
Melee: Whip              ||   109
       Unarmed           ||     4
 Stab: Sleeping          ||     4
  Eat: Bread ration      ||     1
